 Dungeon Crawl Stone Soup version 0.25-a0-975-gcae8493d64 (webtiles) character file.

Game seed: 7362939073915684597, levelgen mode: deterministic

908 gruber the Purveyor of Pain (level 8, -2/57 HPs)
             Began as a Gnoll Necromancer on May 9, 2020.
             Was an Initiate of Kikubaaqudgha.
             Slain by a gnoll
             ... wielding a +2 vorpal halberd
              (13 damage)
             ... on level 5 of the Dungeon.
             The game lasted 00:09:30 (5584 turns).

gruber the Purveyor of Pain (Gnoll Necromancer)     Turns: 5584, Time: 00:09:30

Health: -2/57      AC:  2    Str: 10    XL:     8   Next: 8%
Magic:  1/16       EV: 15    Int: 20    God:    Kikubaaqudgha [......]
Gold:   273        SH:  0    Dex: 16    Spells: 5/18 levels left

rFire    . . .     SeeInvis .   w - +1 rapier (elec)
rCold    . . .     Gourm    .   (no shield)
rNeg     . . .     Faith    .   a - +0 robe
rPois    .         Spirit   .   (no helmet)
rElec    .         Reflect  .   (no cloak)
rCorr    .         Harm     .   (no gloves)
MR       .....                  (no boots)
Stlth    +++.......             (no amulet)
HPRegen  0.19/turn              (no ring)
MPRegen  0.15/turn              (no ring)

@: drained
A: distributed training, fangs 1, strong nose
a: Renounce Religion


You were on level 5 of the Dungeon.
You worshipped Kikubaaqudgha.
Kikubaaqudgha was noncommittal.
You were near starving.

You visited 2 branches of the dungeon, and saw 6 of its levels.

You collected 273 gold pieces.

Inventory:

Hand Weapons
 w - a +1 rapier of electrocution (weapon)
Missiles
 d - 101 stones (quivered)
Armour
 a - a +0 robe (worn)
Wands
 k - a wand of iceblast (10)
 n - a wand of acid (11)
Scrolls
 g - a scroll of remove curse
 h - 2 scrolls of teleportation
 j - a scroll of fog
 l - a scroll of magic mapping
 p - a scroll of enchant weapon
 t - 3 scrolls of identify
 v - a scroll of fear
Potions
 b - 2 potions of lignification
 e - a potion of curing
 f - 2 potions of brilliance {unknown}
 i - a potion of flight {unknown}
 o - a potion of invisibility {unknown}
 q - a potion of haste {unknown}
 r - 3 potions of might {unknown}
Comestibles
 c - 11 rations


   Skills:
 + Level 2.8(2.1) Fighting
 + Level 2.8(2.1) Short Blades
 + Level 2.8(2.1) Long Blades
 + Level 2.8(2.1) Axes
 + Level 2.8(2.1) Maces & Flails
 + Level 2.8(2.1) Polearms
 + Level 2.8(2.1) Staves
 + Level 2.8(2.1) Slings
 + Level 2.8(2.1) Bows
 + Level 2.8(2.1) Crossbows
 + Level 2.8(2.1) Throwing
 + Level 2.8(2.1) Armour
 + Level 5.4(4.7) Dodging
 + Level 5.1(4.3) Stealth
 + Level 2.8(2.1) Shields
 + Level 2.8(2.1) Unarmed Combat
 + Level 5.8(5.0) Spellcasting
 + Level 2.3(1.6) Conjurations
 + Level 2.3(1.6) Hexes
 + Level 2.3(1.6) Charms
 + Level 2.3(1.6) Summonings
 + Level 7.5(6.7) Necromancy
 + Level 2.3(1.6) Translocations
 + Level 2.3(1.6) Transmutations
 + Level 2.3(1.6) Fire Magic
 + Level 2.3(1.6) Ice Magic
 + Level 2.3(1.6) Air Magic
 + Level 2.3(1.6) Earth Magic
 + Level 2.3(1.6) Poison Magic
 + Level 3.1(2.4) Invocations
 + Level 2.8(2.1) Evocations


You had 5 spell levels left.
You knew the following spells:

 Your Spells              Type           Power        Failure   Level  Hunger
a - Pain                  Necr           ####         1%          1    None
b - Vampiric Draining     Necr           ####......   2%          3    ##.....
c - Animate Dead          Necr           N/A          7%          4    ####...
d - Agony                 Necr           ####....     21%         5    #####..

Your spell library contained the following spells:

 Spells                   Type           Power        Failure   Level  Hunger
 Animate Skeleton         Necr           N/A          1%          1    None


Dungeon Overview and Level Annotations

Branches:
Dungeon (5/15)             Temple (1/1) D:5

Altars:
Ashenzari
Dithmenos
Elyvilon
Fedhas
Gozag
Kikubaaqudgha
Makhleb
Nemelex Xobeh
Okawaru
Qazlal
Ru
Trog
Uskayaw
Vehumet
Wu Jian
Xom
Zin
The Shining One

Shops:
D:4 }


Innate Abilities, Weirdness & Mutations

Your experience applies equally to all skills.
You have very sharp teeth.
Your uncanny sense of smell can sniff out nearby items.


Message History

Kikubaaqudgha accepts your kill.
You feel life coursing into your body.
The gnoll hits you with a +2 vorpal halberd!
Unknown command.
Unknown command.
Unknown command.
You are too injured to fight recklessly!
You are too injured to fight recklessly!
You closely miss the gnoll. Your bite misses the gnoll.
The gnoll is severely wounded.
The gnoll completely misses you.
You hit the gnoll but do no damage. You bite the gnoll, but do no damage.
The gnoll is severely wounded.
The gnoll hits you with a +2 vorpal halberd!
* * * LOW HITPOINT WARNING * * *
x2 You barely miss the gnoll.
You bite the gnoll, but do no damage.
The gnoll is severely wounded.
The gnoll hits you with a +2 vorpal halberd!
You die...
Kikubaaqudgha rasps: "You have failed me!
Welcome... death!"

∆ ... .......... ..#
.########. ..# #.
###.#####+########.
#............).....
#.#.............###
##...............###
##.g#...##...........
#...@#.#..#.......#.#
##.#).#....#..#+##+#'#
......##....#...#.......
####.....>......#.......
.....#....##...#.....).
###.#....#..#..#.......
.. #..#.#.......<#'###
###..##...#......##.#
##........#.#..##.#


You could see a gnoll.

Vanquished Creatures
  Eustachio (D:4)
  A phantom (D:4)
  A sky beast (D:5)
  2 ogres
  An orc priest (D:4)
  6 orc wizards
  A worker ant (D:4)
  10 gnolls
  3 adders
  An ooze (D:4)
  2 worms
  A dart slug (D:2)
  2 leopard geckos
  11 orcs
  6 bats
  2 giant cockroaches
  5 goblins
  3 hobgoblins
  4 jackals
  A quokka (D:4)
  4 frilled lizards
  7 kobolds
  A leopard gecko skeleton (D:3)
  A quokka skeleton (D:5)
  6 rats
83 creatures vanquished.

Vanquished Creatures (collateral kills)
  A jackal (D:5)
1 creature vanquished.

Grand Total: 84 creatures vanquished

Notes
Turn   | Place    | Note
-------+----------+-------------------------------------------
     0 | D:1      | gruber the Gnoll Necromancer began the quest for the Orb.
     0 | D:1      | Reached XP level 1. HP: 13/13 MP: 6/6
   226 | D:1      | Reached XP level 2. HP: 19/19 MP: 4/7
  1200 | D:2      | Reached XP level 3. HP: 22/25 MP: 3/9
  1288 | D:2      | Reached skill level 5 in Spellcasting
  1318 | D:2      | Found a faded altar of an unknown god.
  1361 | D:2      | Reached skill level 1 in Invocations
  1746 | D:2      | Reached skill level 1 in Fighting
  1746 | D:2      | Reached skill level 1 in Short Blades
  1746 | D:2      | Reached skill level 1 in Long Blades
  1746 | D:2      | Reached skill level 1 in Axes
  1746 | D:2      | Reached skill level 1 in Maces & Flails
  1746 | D:2      | Reached skill level 1 in Polearms
  1746 | D:2      | Reached skill level 1 in Staves
  1746 | D:2      | Reached skill level 1 in Slings
  1746 | D:2      | Reached skill level 1 in Bows
  1746 | D:2      | Reached skill level 1 in Crossbows
  1746 | D:2      | Reached skill level 1 in Throwing
  1746 | D:2      | Reached skill level 1 in Armour
  1746 | D:2      | Reached skill level 1 in Shields
  1746 | D:2      | Reached skill level 1 in Unarmed Combat
  1746 | D:2      | Reached skill level 1 in Evocations
  1746 | D:2      | Reached XP level 4. HP: 30/32 MP: 7/11
  2129 | D:3      | Reached skill level 1 in Conjurations
  2129 | D:3      | Reached skill level 1 in Hexes
  2129 | D:3      | Reached skill level 1 in Charms
  2129 | D:3      | Reached skill level 1 in Summonings
  2129 | D:3      | Reached skill level 1 in Translocations
  2129 | D:3      | Reached skill level 1 in Transmutations
  2129 | D:3      | Reached skill level 1 in Fire Magic
  2129 | D:3      | Reached skill level 1 in Ice Magic
  2129 | D:3      | Reached skill level 1 in Air Magic
  2129 | D:3      | Reached skill level 1 in Earth Magic
  2129 | D:3      | Reached skill level 1 in Poison Magic
  2172 | D:3      | Reached XP level 5. HP: 25/37 MP: 1/12
  2177 | D:3      | Learned a level 3 spell: Vampiric Draining
  2182 | D:3      | Learned a level 4 spell: Animate Dead
  2188 | D:3      | Learned a level 5 spell: Agony
  2837 | D:4      | Noticed Eustachio
  3293 | D:4      | Noticed an ogre
  3302 | D:4      | Killed an ogre
  3302 | D:4      | Reached XP level 6. HP: 31/44 MP: 2/14
  3309 | D:4      | Reached skill level 5 in Dodging
  3630 | D:4      | Killed Eustachio
  3630 | D:4      | Reached XP level 7. HP: 30/50 MP: 3/15
  4245 | D:4      | Got a coiled graven amulet
  4286 | D:4      | Identified the amulet of Yppudd {Harm *Drain Int+4 Dex+4
                  | Stlth+} (You found it on level 4 of the Dungeon)
  4415 | D:4      | Found Osutsenk's Gadget Boutique.
  4506 | D:4      | Reached skill level 5 in Stealth
  4690 | D:5      | Entered Level 5 of the Dungeon
  5030 | D:5      | Found a staircase to the Ecumenical Temple.
  5048 | D:5      | Reached XP level 8. HP: 6/57 MP: 5/16
  5181 | Temple   | Entered the Ecumenical Temple
  5520 | Temple   | Became a worshipper of Kikubaaqudgha
  5584 | D:5      | Slain by a gnoll

Illustrated notes

Levels and vault maps discovered:
D:1:      dpeg_arrival_simpleton_b, layout_loops_cross
D:2:      layout_rooms, chequers_ecumenical_altar_simple_redux
D:3:      layout_rooms, first_ration
D:4:      layout_loops_cross, serial_shops, shop, uniq_eustachio
D:5:      layout_basic, chequers_temple_overflow_statue_of_worship,
          minmay_temple_entry_mini_moons
Temple:   dpeg_five_rooms_temple

Skill      XL: |  1  2  3  4  5  6  7 |
---------------+----------------------+-----
Spellcasting   | 5 |  5.8
Invocations    | 1 2 3 |  3.1
Fighting       | 1 2 |  2.8
Short Blades   | 1 2 |  2.8
Long Blades    | 1 2 |  2.8
Axes           | 1 2 |  2.8
Maces & Flails | 1 2 |  2.8
Polearms       | 1 2 |  2.8
Staves         | 1 2 |  2.8
Slings         | 1 2 |  2.8
Bows           | 1 2 |  2.8
Crossbows      | 1 2 |  2.8
Throwing       | 1 2 |  2.8
Armour         | 1 2 |  2.8
Shields        | 1 2 |  2.8
Unarmed Combat | 1 2 |  2.8
Evocations     | 1 2 |  2.8
Conjurations   | 1 2 |  2.3
Hexes          | 1 2 |  2.3
Charms         | 1 2 |  2.3
Summonings     | 1 2 |  2.3
Translocations | 1 2 |  2.3
Transmutations | 1 2 |  2.3
Fire Magic     | 1 2 |  2.3
Ice Magic      | 1 2 |  2.3
Air Magic      | 1 2 |  2.3
Earth Magic    | 1 2 |  2.3
Poison Magic   | 1 2 |  2.3
Dodging        | 5 |  5.4
Stealth        | 5 |  5.1
Necromancy     | |  7.5

Action                   |  1- 3 |  4- 6 |  7- 9 || total
-------------------------+-------+-------+-------++-------
Melee: Unarmed           |     4 |       |       ||     4
       Mace              |     7 |    12 |       ||    19
       Bite              |       |     1 |     8 ||     9
       Rapier            |       |       |    41 ||    41
       Punch             |       |       |     1 ||     1
 Cast: Pain              |    53 |    78 |    29 ||   160
       Vampiric Draining |       |     4 |     9 ||    13
       Animate Dead      |       |     1 |     1 ||     2
  Use: Scroll            |     3 |     2 |     5 ||    10
 Stab: Sleeping          |       |     1 |     1 ||     2
  Eat: Chunk             |     2 |     6 |     5 ||    13
Armor: Robe              |     2 |    10 |     6 ||    18
Dodge: Dodged            |    19 |    49 |    52 ||   120

Table legend:
 A = Non-vault XP
 B = Vault XP
 C = Vault XP percentage of total XP
 D = Non-vault monster count
 E = Vault monster count
 F = Vault count percentage of total count
                 A         B        C        D         E       F
            +---------+---------+-------+---------+---------+-------
      Total |    1102 |     196 |  15.1 |      83 |       1 |   1.2
            +---------+---------+-------+---------+---------+-------
        D:1 |      31 |       0 |   0.0 |      20 |       0 |   0.0
        D:2 |      98 |       0 |   0.0 |      17 |       0 |   0.0
        D:3 |     211 |       0 |   0.0 |      24 |       0 |   0.0
        D:4 |     483 |     196 |  28.9 |      15 |       1 |   6.2
        D:5 |     279 |       0 |   0.0 |       7 |       0 |   0.0
            +---------+---------+-------+---------+---------+-------
